 Dungeon Crawl Stone Soup version 0.31-a0-1005-gfbdfbacc72 (webtiles) character file.

Game seed: 988507917165029955

4 BinkBink the Shield-Bearer (level 1, 20/20 HPs)
             Began as a Djinni Fighter on Nov 11, 2023.
             Quit the game on level 1 of the Dungeon.
             The game lasted 00:00:33 (347 turns).

BinkBink the Shield-Bearer (Djinni Fighter)          Turns: 347, Time: 00:00:33

Health: 20/20      AC:  6    Str: 15    XL:     1   Next: 77%
Gold:   0          EV:  8    Int:  9    God:
                   SH:  4    Dex: 12

rFire   + +          .
                       - Unarmed
rCold   x . .        b - +0 buckler
rNeg    . . .        a - +0 scale mail
rPois   ∞            (no helmet)
rElec   .            (no cloak)
rCorr   .            (no gloves)
SInv    .            (boots unavailable)
Will    .....        (no amulet) Stlth
                     (no ring)
HPRegen 0.23/turn    (no ring)
MPRegen 0.00/turn

%: no passive effects
@: flying
A: sickness immunity, fire resistance 2, cold vulnerability 1, float, innate
caster, HP casting, extra vitality 1
a: no special abilities


You were on level 1 of the Dungeon.
You visited 1 branch of the dungeon, and saw 1 of its levels.

Inventory:

Armour
 a - a +0 scale mail (worn)
 b - a +0 buckler (worn)
Potions
 c - a potion of might
 d - a potion of attraction {unknown}
 e - a potion of curing {unknown}
 f - 2 potions of haste {unknown}


   Skills:
 + Level 3.0 Fighting
 + Level 3.0 Armour
 + Level 3.0 Shields
 + Level 2.1 Unarmed Combat You didn't know any spells. Your spell library was empty.

Dungeon Overview and Level Annotations

Branches:
Dungeon (1/15)

Altars:


Innate Abilities, Weirdness & Mutations

You are immune to sickness and miasma.
You are immune to poison.
Your flesh is very heat resistant. (rF++)
You are vulnerable to cold. (rC-)
You float through the air rather than walking.
You learn spells naturally, not from books.
Your magical power is your life essence.
You have superior vitality. (+4 MHP)


Message History

f - 2 sapphire potions You reach down and open the door.
There is an open door here.
There is an open door here.
You see here a +0 club.
A rat comes into view.
A rat is nearby!
A rat is nearby!
You block the rat's attack.
You hit the rat.
You kill the rat!
No target in view!
No target in view!
You reach down and open the door.
There is an open door here.
You reach down and open the door.
There is an open door here.
Found a robe.
A bat comes into view.
The bat hits you but does no damage. The bat completely misses you.
A bat is nearby!
A bat is nearby!
You hit the bat but do no damage. The bat hits you but does no damage.
The bat hits you but does no damage.
You hit the bat but do no damage. The bat hits you but does no damage. x2
The bat hits you but does no damage.
You closely miss the bat. You block the bat's attack.
You hit the bat but do no damage. You block the bat's attack.
No target in view!
No target in view!
The bat closely misses you.
A bat is nearby!
A bat is nearby!
You closely miss the bat. The bat barely misses you.
The bat hits you but does no damage.
You hit the bat.
You kill the bat!
No target in view!
No target in view!
Are you sure you want to abandon this character and quit the game? (Confirm with "yes".)

##'## #.# ##...## #.#
##.....## #.#######
#.......## ##......[#
#.........####...####.#
+.........'.......#
#.........####.#.##
##.......## #.###.#
##.....## ##.#@.#
##...## #...# ##+#
##......# ##.##### #.#
#.# #.# #.# .#


There were no monsters in sight!

Vanquished Creatures
  A ball python (D:1)
  A hobgoblin (D:1)
  2 bats (D:1)
  A rat (D:1)
5 creatures vanquished.

Notes
Turn   | Place    | Note
-------+----------+-------------------------------------------
     0 | D:1      | BinkBink the Djinni Fighter began the quest for the Orb.
     0 | D:1      | Reached XP level 1. HP: 20/20 MP: 0/0
   347 | D:1      | Quit the game

Illustrated notes

Levels and vault maps discovered:
D:1:      amcnicky_arrival_single_pillar, layout_loops_corners,
          roderic_filled_cross, nrook_campfire, dk_noncrumbling_3,
          roderic_serpentine_path, chequers_hall_statues_y, wad_woods_river_04

Action                     || total
---------------------------++-------
  Melee: Unarmed           ||    22
 Armour: Scale mail        ||    21
  Dodge: Dodged            ||     4
  Block: Buckler           ||     7

Table legend: (Time is in decaauts)
 A = Elapsed time spent in this place.
 B = Non-inter-level travel time spent in this place.
 C = Inter-level travel time spent in this place.
 D = Time resting spent in this place.
 E = Time spent auto-exploring this place.
 F = Levels seen in this place.
 G = Mean time per level.
                   A        B        C        D        E       F      G
               +--------+--------+--------+--------+--------+-----+--------+
         Total |    347 |    347 |      0 |      0 |    302 |   1 |  347.0 |
       Dungeon |    347 |    347 |      0 |      0 |    302 |   1 |  347.0 |
               +--------+--------+--------+--------+--------+-----+--------+

Top non-repeatable levels by time:
     D:1: 347 daAuts
